 Dungeon Crawl Stone Soup version 0.28-a0-479-g5baa6b73be (webtiles) character file.

Game seed: 16871839439486576814

438 Dabor the Skirmisher (level 7, -1/56 HPs)
             Began as a Formicid Abyssal Knight on Sept 19, 2021.
             Was a Priest of Lugonu.
             Slain by an ice beast (10 damage)
             ... on level 4 of the Dungeon.
             The game lasted 00:07:24 (4923 turns).

Dabor the Skirmisher (Formicid Abyssal Knight)      Turns: 4923, Time: 00:07:24

Health: -1/56      AC: 12    Str: 17    XL:     7   Next: 22%
Magic:  9/9        EV: 11    Int: 12    God:    Lugonu [***...]
Gold:   122        SH:  0    Dex: 11    Spells: 6/6 levels left

rFire   . . .      SeeInvis +   x - +9 hand axe "Xerul" {vorpal, rN+ Stlth+}
rCold   . . .      Faith    +   (no shield)
rNeg    + . .      Spirit   .   f - +0 chain mail
rPois   .          Reflect  .   (helmet unavailable)
rElec   .          Harm     .   A - +0 cloak
rCorr   .          Rampage  .   k - +0 pair of gloves
Will    .....                   t - +0 pair of boots
Stlth   ..........              s - amulet of faith
HPRegen 0.18/turn               d - +4 ring of evasion
MPRegen 0.11/turn               (no ring)

@: studying Fighting
A: permanent stasis, dig shafts and tunnels, antennae 3, four strong arms
a: Dig, Shaft Self, Renounce Religion, Depart the Abyss, Bend Space, Banish


You were on level 4 of the Dungeon.
You worshipped Lugonu.
Lugonu was most pleased with you.
You visited 1 branch of the dungeon, and saw 5 of its levels.
You visited the Abyss 1 time.

You collected 122 gold pieces.

Inventory:

Hand Weapons
 a - a +2 spear
 x - the +9 hand axe "Xerul" (weapon) {vorpal, rN+ Stlth+}
   (You found it on level 4 of the Dungeon)

   It inflicts extra damage upon your enemies.
   rN:        It protects you from negative energy.
   Stlth:     It makes you more stealthy.
Missiles
 h - 5 silver boomerangs
 j - 7 curare-tipped darts
 l - 4 javelins (quivered)
Armour
 b - a +0 leather armour
 f - a +0 chain mail (worn)
 k - a +0 pair of gloves (worn)
 t - a +0 pair of boots (worn)
 A - a +0 cloak (worn)
Jewellery
 d - a +4 ring of evasion (left hand)
 i - an amulet of reflection
 s - an amulet of faith (around neck)
 w - an amulet of regeneration
Wands
 m - a wand of iceblast (7)
 q - a wand of charming (8)
 u - a wand of acid (10)
Scrolls
 n - a scroll of identify
 y - a scroll of magic mapping {unknown}
Potions
 c - a potion of resistance {unknown}
 e - 2 potions of attraction
 o - a potion of magic {unknown}
 p - a potion of flight {unknown}
 r - 2 potions of might {unknown}
 v - 2 potions of haste {unknown}
 z - a potion of berserk rage {unknown}


   Skills:
 * Level 5.5 Fighting
 * Level 3.6 Polearms
 + Level 1.5 Throwing
 * Level 3.9 Armour
 + Level 2.3 Dodging
 + Level 2.2 Stealth
 + Level 3.5 Invocations


You had 6 spell levels left.
You didn't know any spells.
Your spell library contained the following spells:

 Spells                   Type           Power      Damage    Failure   Level
 Lesser Beckoning         Tloc           0%         N/A       100%        3
 Manifold Assault         Tloc           0%         N/A       100%        5
 Blink                    Tloc           Unusable   N/A       N/A         2

Dungeon Overview and Level Annotations

Branches:
Dungeon (5/15)             Temple (0/1) D:4

Altars:

Annotations:
D:2 Ijyb


Innate Abilities, Weirdness & Mutations

You cannot be hasted, slowed, berserked, paralysed or teleported.
You can dig through walls and to a lower floor.
You have a pair of large antennae on your head. (SInv)
Your four strong arms can wield two-handed weapons with a shield.


Message History

(D) Dungeon (T) Temple
Where to? (Enter - D:4, ? - help)
There is a stone staircase leading down here.
You climb downwards.
The centaur shouts!
There is a stone staircase leading up here.
There are monsters nearby!
You throw a javelin.
The javelin barely misses the ice beast.
The centaur wields a +0 shortbow.
The centaur shoots an arrow.
The arrow completely misses you.
You throw a javelin.
The javelin pierces through the ice beast but does no damage.
The ice beast hits you but does no damage.
You hit the ice beast.
The ice beast is moderately wounded.
The centaur shoots an arrow.
The arrow hits you! The ice beast closely misses you.
You slash the ice beast!
The ice beast is severely wounded.
The centaur shoots an arrow.
The arrow hits you. The ice beast completely misses you.
The centaur shoots an arrow.
The arrow hits you!
Your chain mail prevents you from hitting the ice beast.
The ice beast is severely wounded.
The centaur shoots an arrow.
The arrow hits you!
The ice beast hits you but does no damage.
The centaur shoots an arrow.
The arrow hits you. The ice beast hits you. The ice beast freezes you!
* * * LOW HITPOINT WARNING * * *
The ice beast hits you.
* * * LOW HITPOINT WARNING * * *
The ice beast freezes you!
* * * LOW HITPOINT WARNING * * *
You climb upwards.
There is a stone staircase leading down here.
You feel better. The ice beast hits you.
* * * LOW HITPOINT WARNING * * *
The ice beast freezes you!
You die...

#'#.#...####...............##.>..
..#.#...## #...............##....
.........# #.............########
.........# ##..#'#########
########.# ##.#.########## #.#
#.#.##.......# ######.#
#...##.......#
###......######..##.......######
.....(..........@..............#
.................Y.............#
...............................#
....###........................#
..).# #........................#
....# #............#####.......#
....###............# #.......#
.................>.# #)).....#
##.####............# #.).....#


You could see an ice beast.

Vanquished Creatures
  A sky beast (D:5)
  An ogre (D:4)
  A hound (D:4)
  An orc priest (D:4)
  An iguana (D:4)
  A hound skeleton (D:4)
  A howler monkey zombie (D:3)
  3 adders
  3 gnolls
  An adder skeleton (D:4)
  3 worms
  3 dart slugs
  5 orcs (D:4)
  8 ball pythons
  3 bats
  7 endoplasms
  4 giant cockroaches
  6 goblins
  6 hobgoblins
  3 jackals (D:4)
  2 quokkas
  6 frilled lizards
  7 kobolds
  7 rats
84 creatures vanquished.

Vanquished Creatures (others)
  A bat (D:2)
1 creature vanquished.

Grand Total: 85 creatures vanquished

Notes
Turn   | Place    | Note
-------+----------+-------------------------------------------
     0 | Abyss:1  | Dabor the Formicid Abyssal Knight began the quest for the
                  | Orb.
     0 | Abyss:1  | Reached XP level 1. HP: 18/18 MP: 2/2
    55 | D:1      | Escaped the Abyss
   208 | D:1      | Reached skill level 1 in Dodging
   208 | D:1      | Reached XP level 2. HP: 14/24 MP: 3/3
   748 | D:1      | Reached XP level 3. HP: 29/29 MP: 4/4
   821 | D:1      | Found a faded altar of an unknown god.
  1396 | D:2      | Reached XP level 4. HP: 31/37 MP: 4/6
  1459 | D:2      | Reached ** piety under Lugonu
  2291 | D:3      | Noticed Ijyb
  2321 | D:3      | Identified a scroll of acquirement
  2321 | D:3      | Acquired a manual of Fighting
  2741 | D:3      | Reached skill level 1 in Stealth
  2741 | D:3      | Reached XP level 5. HP: 25/33 MP: 7/7
  2875 | D:3      | Reached skill level 4 in Fighting
  3451 | D:4      | You fall into a shaft and drop 1 floor!
  3451 | D:5      | Entered Level 5 of the Dungeon
  3451 | D:5      | Noticed a sky beast
  3482 | D:5      | Killed a sky beast
  3483 | D:5      | Reached skill level 1 in Throwing
  3483 | D:5      | Reached XP level 6. HP: 12/49 MP: 8/8
  3876 | D:4      | Reached skill level 5 in Fighting
  4254 | D:4      | Identified the +9 hand axe "Xerul" {vorpal, rN+ Stlth+}
  4314 | D:4      | Noticed an ogre
  4334 | D:4      | Killed an ogre
  4335 | D:4      | Reached XP level 7. HP: 15/56 MP: 9/9
  4588 | D:4      | Found a staircase to the Ecumenical Temple.
  4748 | D:4      | Reached *** piety under Lugonu
  4921 | D:5      | HP: 1/56 [ice beast (11)]
  4923 | D:4      | Slain by an ice beast

Illustrated notes

Levels and vault maps discovered:
D:1:      minmay_arrival_floating_metal, layout_loops_ring,
          shapermc_ecumenical_altar_venn
D:2:      layout_loops_ring, kennysheep_generic_room_4
D:3:      minmay_spotlight, layout_basic, serial_corexii_hall,
          chequers_hall_statues_wall_a, corexii_hall_statues_i, uniq_ijyb
D:4:      layout_basic, minmay_temple_entry_butterflies
D:5:      layout_layer_cave, st_stairs_12, serial_park_tiny_2,
          small_statue_intersection

Skill      XL: |  1  2  3  4  5  6 |
---------------+-------------------+-----
Dodging        | 1 2 |  2.3
Stealth        | 1 2 |  2.2
Fighting       | 4 5 |  5.5
Armour         | 3 |  3.9
Invocations    | 3 |  3.5
Polearms       | 3 |  3.6
Throwing       | 1 |  1.5

Action                   |  1- 3 |  4- 6 |  7- 9 || total
-------------------------+-------+-------+-------++-------
Melee: Spear             |    92 |   224 |       ||   316
       Hand axe          |       |     3 |    14 ||    17
Throw: Javelin           |       |    13 |     9 ||    22
Invok: Bend Space        |       |     1 |       ||     1
  Use: Scroll            |       |     7 |       ||     7
       Potion            |       |     3 |     1 ||     4
Armor: Chain mail        |    21 |    87 |     6 ||   114
Dodge: Dodged            |    43 |    93 |    11 ||   147
Block: Other             |    16 |    13 |       ||    29

Table legend: (Time is in decaauts)
 A = Elapsed time spent in this place.
 B = Non-inter-level travel time spent in this place.
 C = Inter-level travel time spent in this place.
 D = Time resting spent in this place.
 E = Time spent auto-exploring this place.
 F = Levels seen in this place.
 G = Mean time per level.
                   A        B        C        D        E       F      G
               +--------+--------+--------+--------+--------+-----+--------+
         Total |   4955 |   4794 |    161 |   1031 |   2892 |   7 |  707.9 |
       Dungeon |   4900 |   4739 |    161 |   1031 |   2865 |   5 |  980.0 |
         Abyss |     54 |     54 |      0 |      0 |     27 |   2 |   27.0 |
               +--------+--------+--------+--------+--------+-----+--------+

Top non-repeatable levels by time:
     D:3: 1325 daAuts
     D:4: 1210 daAuts
     D:1: 1189 daAuts
     D:2: 905 daAuts
     D:5: 268 daAuts
 Abyss:1: 39 daAuts
 Abyss:2: 15 daAuts
